 Dungeon Crawl Stone Soup version 0.24-a0-373-g39439d866b (webtiles) character file.

Game seed: 17011369517393907643

79600 theanonym the Fencer (level 15, -2/124 HPs)
             Began as a Merfolk Berserker on May 30, 2019.
             Was the Champion of Trog.
             Slain by an entropy weaver (13 damage)
             ... on level 6 of the Lair of Beasts.
             The game lasted 00:41:09 (23688 turns).

theanonym the Fencer (Merfolk Berserker)           Turns: 23688, Time: 00:41:09

Health: -2/124     AC:  5    Str: 24    XL:     15   Next: 64%
Magic:  15/15      EV: 12    Int:  7    God:    Trog [******]
Gold:   653        SH:  0    Dex: 13    Spells: 14/14 levels left

rFire    x . .     SeeInvis .   a - +0 great sword (vamp)
rCold    + . .     Gourm    .   (shield currently unavailable)
rNeg     . . .     Faith    .   M - +3 plate armour {rPois}
rPois    +         Spirit   .   o - +2 helmet
rElec    .         Reflect  .   (no cloak)
rCorr    .         Harm     .   p - +2 pair of gloves
MR       +....                  Q - +0 pair of boots {Stlth+}
Stlth    ..........             K - amulet of the acrobat
HPRegen  0.30/turn              N - +4 ring of protection
MPRegen  0.14/turn              h - ring of ice

@: about to teleport, corroded, berserk cooldown, slowed, very slow
A: change form in water, swift swim, stealthy swim
a: Berserk, Trog's Hand, Brothers in Arms, Renounce Religion


   Skills:
 + Level 13.4 Fighting
 - Level 20.0 Long Blades
 + Level 9.7 Armour
 + Level 11.1 Dodging


You had 14 spell levels left.
You didn't know any spells.
Your spell library contained the following spells:

 Spells                   Type           Power        Failure   Level  Hunger
 Animate Skeleton         Necr           N/A          99%         1    ##.....
 Corona                   Hex            #......      99%         1    ##.....
 Flame Tongue             Conj/Fire      #....        99%         1    ##.....
 Pain                     Necr           #...         99%         1    ##.....
 Shock                    Conj/Air       #...         99%         1    ##.....
 Blink                    Tloc           N/A          100%        2    ###....
 Ensorcelled Hibernation  Hex/Ice        #.....       100%        2    ###....
 Passwall                 Tmut/Erth      #.......     100%        2    ###....
 Shroud of Golubria       Chrm/Tloc      #.........   100%        2    ###....
 Swiftness                Chrm/Air       #.......     100%        2    ###....
 Confuse                  Hex            #.......     100%        3    ####...
 Dazzling Spray           Conj/Hex       #.....       100%        3    ####...
 Gell's Gravitas          Tloc           #.........   100%        3    ####...
 Lesser Beckoning         Tloc           #.........   100%        3    ####...
 Regeneration             Chrm/Necr      #.........   100%        3    ####...
 Static Discharge         Conj/Air       #.......     100%        3    ####...
 Teleport Other           Tloc           #.......     100%        3    ####...
 Tukima's Dance           Hex            #.......     100%        3    ####...
 Vampiric Draining        Necr           #.........   100%        3    ####...
 Airstrike                Air            #.........   100%        4    #####..
 Animate Dead             Necr           N/A          100%        4    #####..
 Cause Fear               Hex            #.........   100%        4    #####..
 Passage of Golubria      Tloc           N/A          100%        4    #####..
 Lee's Rapid Deconstruct  Erth           #.........   100%        5    ######.
 Lightning Bolt           Conj/Air       #.........   100%        5    ######.
 Bolt of Fire             Conj/Fire      #.........   100%        6    #######
 Darkness                 Hex            #.........   100%        6    #######
 Invisibility             Hex            #.......     100%        6    #######
 Dragon Form              Tmut           #.........   100%        7    #######
 Haunt                    Necr/Summ      #.........   100%        7    #######
 Borgnjor's Revivificati  Necr           #.........   100%        8    #######
 Death's Door             Chrm/Necr      #.........   100%        8    #######
 Ignition                 Fire           #.........   100%        8    #######
 Infestation              Necr           #.........   100%        8    #######
 Necromutation            Tmut/Necr      #.........   100%        8    #######
 Dragon's Call            Summ           #.........   100%        9    #######
 Shatter                  Erth           #.........   100%        9    #######
 Tornado                  Air            #.........   100%        9    #######

Skill      XL: |  1  2  3  4  5  6  7  8  9 10 11 12 13 14 15 |
---------------+----------------------------------------------+-----
Long Blades    | 4 5 6 7 8 10 12 14 16 17 18 20 | 20.0
Fighting       | 6 8 10 12 13 | 13.4
Armour         | 4 5 7 8 9 |  9.7
Dodging        | 3 9 11 | 11.1

Action                   |  1- 3 |  4- 6 |  7- 9 | 10-12 | 13-15 || total
-------------------------+-------+-------+-------+-------+-------++-------
Melee: Falchion          |   164 |   137 |   425 |   391 |       ||  1117
       Tailslap          |       |       |     1 |     1 |     3 ||     5
       Scimitar          |       |       |       |   219 |    31 ||   250
       Great sword       |       |       |       |   144 |  1087 ||  1231
Invok: Berserk           |     1 |     3 |     2 |    14 |    17 ||    37
       Trog's Hand       |       |       |     1 |     4 |     2 ||     7
  Use: Scroll            |       |     3 |     7 |    13 |    12 ||    35
       Potion            |       |       |     1 |     4 |     3 ||     8
 Stab: Distracted        |       |       |       |       |     1 ||     1
  Eat: Chunk             |     3 |     6 |     8 |    24 |    39 ||    80
       Ration            |       |     1 |     1 |     5 |     2 ||     9
Armor: Animal skin       |     6 |       |       |       |       ||     6
       Ring mail         |    38 |    15 |       |       |       ||    53
       Plate armour      |       |    32 |   151 |   351 |   485 ||  1019
       Ice dragon scales |       |       |       |       |    92 ||    92
Dodge: Dodged            |    92 |    24 |    33 |   217 |   598 ||   964
Block: Shield            |    60 |    43 |   126 |   219 |       ||   448
       Rpst.: Falchion   |    36 |    12 |    11 |    22 |       ||    81
       Scimitar          |       |       |       |    18 |     4 ||    22
       Great sword       |       |       |       |    24 |   139 ||   163

Inventory:

Hand Weapons
 a - a +0 vampiric great sword (weapon)
 b - a +2 great sword of electrocution
 c - a +3 scimitar of flaming
Missiles
 J - 2 throwing nets (quivered)
Armour
 o - a +2 helmet (worn)
 p - a +2 pair of gloves (worn)
 r - the +3 ice dragon scales "Miopna Kid" {rF- rC++ rN+ MR++ Int+2 Slay-2}

   It affects your intelligence (+2).
   It affects your accuracy and damage with ranged weapons and melee attacks
   (-2).
   It makes you vulnerable to fire.
   It greatly protects you from cold.
   It protects you from negative energy.
   It affects your resistance to hostile enchantments.
 M - a +3 plate armour of poison resistance (worn)
 P - +0 fire dragon scales
 Q - a +0 pair of boots of stealth (worn)
Jewellery
 h - a ring of ice (right hand)
 l - an uncursed ring of positive energy
 u - an uncursed ring of protection from fire
 x - an uncursed ring of resist corrosion
 K - an amulet of the acrobat (around neck)
 N - a +4 ring of protection (left hand)
 U - a +2 ring of slaying {unknown}
Wands
 v - a wand of acid (16)
 C - a wand of enslavement (6)
 D - a wand of iceblast (14)
 G - a wand of polymorph (10)
 H - a wand of disintegration (16)
 I - a wand of flame (38)
Scrolls
 k - a scroll of enchant armour
 n - 11 scrolls of remove curse
 t - 3 scrolls of teleportation
 y - 2 scrolls of magic mapping
 z - 2 scrolls of enchant weapon
 E - 3 scrolls of summoning
 R - a scroll of fear {unknown}
 S - 3 scrolls of immolation
 T - a scroll of torment {unknown}
Potions
 d - 5 potions of brilliance
 f - 2 potions of ambrosia
 g - 3 potions of berserk rage
 i - 2 potions of mutation
 j - 3 potions of agility
 q - 5 potions of heal wounds
 s - 2 potions of invisibility
 w - 10 potions of curing
 A - 2 potions of resistance
 B - a potion of magic {unknown}
 F - 3 potions of lignification
 L - a potion of haste {unknown}
 O - 2 potions of flight
Comestibles
 e - 23 rations
 m - 17 chunks of flesh


You were on level 6 of the Lair of Beasts.
You worshipped Trog.
Trog was exalted by your worship.
You were very hungry.

You visited 3 branches of the dungeon, and saw 21 of its levels.
You also visited: Ice Cave.

You collected 2328 gold pieces.
You spent 1675 gold pieces at shops.

Dungeon Overview and Level Annotations

Branches:
Dungeon (13/15)            Temple (0/1) D:7            Lair (6/6) D:10
  Swamp (0/4) Lair:4        Snake (0/4) Lair:3        Slime (0/5) Lair:6
    Orc (2/2) D:12            Elf (0/3) Orc:2
 Vaults: D:13-14

Altars:
Ashenzari
Elyvilon
Fedhas
Gozag
Hepliaklqana
Kikubaaqudgha
Okawaru
Sif Muna
Trog
Xom
The Shining One
Beogh

Shops:
D:5 *   D:7 *   D:13 *   Orc:1 =[ Orc:2

**[(
****,,,,,,,,,,,..................
***,*,,,,,,,,,,./.PP.....#.......
,*,*,###**,*,,**#.PP.............
,*,,.#...##,,** #................
,,,.#....#.*** *#...............
,,,#.......## ##...............
,*,,#......a#####.#......÷.......
,,,#.#$.#..aaaa##................
,,,...a...#a##aa@#....P..........
,,,...a....aaa#†PP....P#.#÷÷÷....
,,,,#).#.#.a###.....#...###).....
,,,...a....##......###### ##.....
,,,........#.#...P.# #......
,,,....#..##...#...# #......
,*,#.#,###*,...###.# #......
,,,.,**,**,..##* ### ##..P..
,,,,,,,,,,,*** ##.#P#


You could see a queen ant, an entropy weaver, 5 soldier ants and 4 worker ants.

Notes
Turn   | Place    | Note
-------+----------+-------------------------------------------
     0 | D:1      | theanonym the Merfolk Berserker began the quest for the
                  | Orb.
     0 | D:1      | Reached XP level 1. HP: 18/18 MP: 1/1
   111 | D:1      | Reached XP level 2. HP: 23/24 MP: 2/2
   113 | D:1      | Reached skill level 4 in Long Blades
   786 | D:2      | Reached XP level 3. HP: 29/29 MP: 3/3
   810 | D:2      | Found a hazy altar of Hepliaklqana.
   843 | D:2      | Reached ** piety under Trog
  1512 | D:2      | You fall into a shaft and drop 1 floor!
  1527 | D:3      | Reached skill level 5 in Long Blades
  1548 | D:3      | Found a glowing golden altar of the Shining One.
  1637 | D:3      | Reached XP level 4. HP: 24/35 MP: 4/4
  1813 | D:3      | Found an opulent altar of Gozag.
  2511 | D:4      | Noticed an ogre
  2521 | D:4      | Killed an ogre
  2521 | D:4      | Reached skill level 6 in Long Blades
  2521 | D:4      | Reached XP level 5. HP: 24/41 MP: 5/5
  2706 | D:4      | Noticed Ijyb
  2707 | D:4      | Found an iron altar of Okawaru.
  2713 | D:4      | HP: 9/41 [acid (15)]
  2716 | D:4      | Killed Ijyb
  2716 | D:4      | Reached skill level 7 in Long Blades
  3057 | D:4      | Noticed an ogre
  3062 | D:4      | Killed an ogre
  3062 | D:4      | Reached XP level 6. HP: 47/47 MP: 6/6
  3313 | D:4      | Reached *** piety under Trog
  3320 | D:4      | Reached skill level 8 in Long Blades
  3532 | D:4      | Noticed a phantom
  3571 | D:4      | Killed a phantom
  3571 | D:4      | Reached XP level 7. HP: 42/52 MP: 7/7
  3629 | D:5      | Entered Level 5 of the Dungeon
  3680 | D:5      | Reached skill level 9 in Long Blades
  3818 | D:5      | Found a bloodstained altar of Trog.
  3871 | D:5      | Found a shimmering altar of Xom.
  3871 | D:5      | Found a faded altar of an unknown god.
  3894 | D:5      | Found a faded altar of an unknown god.
  3896 | D:5      | Found an ancient bone altar of Kikubaaqudgha.
  3897 | D:5      | Found a blossoming altar of Fedhas.
  4011 | D:5      | Reached skill level 10 in Long Blades
  4011 | D:5      | Reached XP level 8. HP: 31/58 MP: 8/8
  4301 | D:5      | Reached skill level 11 in Long Blades
  4304 | D:5      | HP: 26/58 [centaur/arrow (10)]
  4309 | D:5      | HP: 17/58 [centaur (5)]
  4492 | D:5      | Found Runobb's General Store.
  4504 | D:5      | Bought a +0 pair of gloves for 54 gold pieces
  4962 | D:6      | Reached **** piety under Trog
  5255 | D:6      | Reached skill level 12 in Long Blades
  5438 | D:7      | Reached XP level 9. HP: 64/64 MP: 9/9
  5658 | D:7      | HP: 47/96 [orc warrior/cursed -2 flail (13)]
  5662 | D:7      | Reached skill level 13 in Long Blades
  5664 | D:7      | HP: 41/96 [ogre/+0 giant spiked club (10)]
  5669 | D:7      | HP: 39/96 [poisoned by a water moccasin]
  5674 | D:7      | HP: 24/64 [poisoned by a water moccasin]
  5679 | D:7      | HP: 22/64 [poisoned by a water moccasin]
  5686 | D:7      | HP: 26/64 [iguana (3)]
  6184 | D:7      | Found a staircase to the Ecumenical Temple.
  6235 | D:7      | Found a shattered altar of Ashenzari.
  6310 | D:7      | Reached skill level 14 in Long Blades
  6357 | D:7      | Found a deep blue altar of Sif Muna.
  6407 | D:7      | You fall into a shaft and drop 2 floors!
  6407 | D:9      | Found a white marble altar of Elyvilon.
  6407 | D:9      | Noticed a two-headed ogre
  6422 | D:9      | Killed a two-headed ogre
  6422 | D:9      | Reached XP level 10. HP: 70/70 MP: 10/10
  6485 | D:9      | Reached skill level 15 in Long Blades
  6607 | D:9      | Found a blossoming altar of Fedhas.
  6885 | D:9      | HP: 35/70 [gnoll/+0 spear (6)]
  6892 | D:9      | HP: 32/70 [gnoll/+0 spear (3)]
  7893 | D:7      | Found a shattered altar of Ashenzari.
  8006 | D:7      | Reached skill level 16 in Long Blades
  8119 | D:7      | Found Xydorphon's Assorted Antiques.
  8126 | D:7      | Bought a scroll of teleportation for 69 gold pieces
  8126 | D:7      | Bought a ruby potion for 20 gold pieces
  8126 | D:7      | Bought a green potion for 20 gold pieces
  8126 | D:7      | Bought a scroll labeled SOEVVY SERIAWK for 23 gold pieces
  8126 | D:7      | Bought a scroll labeled MUFAGEYSIRPH for 23 gold pieces
  8589 | D:8      | Reached ***** piety under Trog
  8658 | D:8      | HP: 35/70 [poisoned by a kobold]
  8663 | D:8      | HP: 33/70 [poisoned by a kobold]
  8668 | D:8      | HP: 32/70 [poisoned by a kobold]
  8674 | D:8      | HP: 31/70 [poisoned by a kobold]
  8682 | D:8      | HP: 30/70 [poisoned by a kobold]
  9235 | D:10     | Entered Level 10 of the Dungeon
  9599 | D:10     | HP: 52/105 [hornet (1)]
  9599 | D:10     | Paralysed by a hornet for 1 turns
  9603 | D:10     | HP: 22/70 [poisoned by a hornet]
  9606 | D:10     | Paralysed by a hornet for 2 turns
  9608 | D:10     | HP: 21/70 [poisoned by a hornet]
  9612 | D:10     | Reached XP level 11. HP: 13/75 MP: 11/11
  9613 | D:10     | HP: 12/75 [poisoned by a hornet]
  9618 | D:10     | HP: 14/75 [poisoned by a hornet]
  9619 | D:10     | Reached skill level 17 in Long Blades
  9623 | D:10     | HP: 16/75 [poisoned by a hornet]
  9629 | D:10     | HP: 20/75 [poisoned by a hornet]
  9634 | D:10     | HP: 23/75 [poisoned by a hornet]
  9639 | D:10     | HP: 23/75 [poisoned by a hornet]
 10017 | D:10     | Found a staircase to the Lair.
 10502 | D:10     | Noticed Erica
 10514 | D:10     | HP: 53/114 [something (5)]
 10519 | D:10     | HP: 44/114 [poisoned by a scorpion]
 10524 | D:10     | HP: 22/76 [poisoned by a scorpion]
 10530 | D:10     | HP: 24/76 [poisoned by a scorpion]
 10535 | D:10     | Killed Erica
 10535 | D:10     | Reached skill level 4 in Fighting
 10535 | D:10     | Reached skill level 2 in Armour
 10816 | D:11     | Received a gift from Trog
 10822 | D:11     | Reached skill level 5 in Fighting
 10857 | D:11     | Reached skill level 3 in Armour
 10967 | D:11     | Noticed Harold
 10977 | D:11     | Killed Harold
 11032 | D:11     | Noticed a two-headed ogre
 11037 | D:11     | Killed a two-headed ogre
 11121 | D:11     | Noticed a red ugly thing
 11129 | D:11     | Killed a red ugly thing
 11129 | D:11     | Reached skill level 6 in Fighting
 11387 | D:11     | Reached skill level 4 in Armour
 11482 | D:11     | HP: 30/83 [komodo dragon (18)]
 11484 | D:11     | Reached XP level 12. HP: 33/89 MP: 12/12
 11820 | D:12     | Noticed a two-headed ogre
 11828 | D:12     | Killed a two-headed ogre
 11828 | D:12     | Reached skill level 7 in Fighting
 12519 | D:12     | Received a gift from Trog
 12607 | D:12     | Reached skill level 18 in Long Blades
 12788 | D:12     | HP: 45/91 [skeletal warrior/+0 trident (17)]
 12789 | D:12     | Reached skill level 5 in Armour
 12794 | D:12     | HP: 19/92 [skeletal warrior/+0 dire flail[a skeletal
                  | warrior] (19)]
 12996 | D:12     | Found a staircase to the Orcish Mines.
 13180 | D:12     | Reached skill level 8 in Fighting
 13390 | D:13     | Found Ykkid's Assorted Antiques.
 13394 | D:13     | Bought a scroll of identify for 58 gold pieces
 13394 | D:13     | Bought a scroll of identify for 58 gold pieces
 13394 | D:13     | Bought a smoky emerald potion for 26 gold pieces
 13445 | Orc:1    | Entered Level 1 of the Orcish Mines
 13445 | Orc:1    | Found Exziwef's Jewellery Boutique.
 13445 | Orc:1    | Noticed Jorgrun
 13459 | Orc:1    | Killed Jorgrun
 13580 | Orc:1    | Noticed Fannar
 13611 | Orc:1    | Killed Fannar
 13870 | Orc:1    | Found Doub's Armour Emporium.
 13884 | Orc:1    | Paralysed by an orc sorcerer for 4 turns
 14312 | Orc:2    | Entered Level 2 of the Orcish Mines
 14333 | Orc:2    | Reached XP level 13. HP: 59/100 MP: 13/13
 14530 | Orc:2    | Reached skill level 9 in Fighting
 14702 | Orc:1    | Received a gift from Trog
 14702 | Orc:1    | Reached skill level 19 in Long Blades
 14702 | Orc:1    | Reached skill level 6 in Armour
 14879 | Orc:2    | Noticed Nessos
 14889 | Orc:2    | Killed Nessos
 15011 | Orc:2    | Noticed an orc warlord
 15023 | Orc:2    | Killed an orc warlord
 15308 | Orc:2    | Found a staircase to the Elven Halls.
 15458 | Orc:2    | Noticed an ettin
 15459 | Orc:2    | HP: 42/102 [ettin/+0 dire flail (21)]
 15460 | Orc:2    | HP: 9/153 [ettin/+0 dire flail (24)]
 15462 | Orc:2    | Killed an ettin
 15826 | Orc:2    | Noticed an orc warlord
 15833 | Orc:2    | Killed an orc warlord
 15965 | Orc:2    | Noticed an orc warlord
 15995 | Orc:2    | Killed an orc warlord
 15995 | Orc:2    | Reached skill level 10 in Fighting
 16202 | Orc:2    | Found a roughly hewn altar of Beogh.
 16373 | Orc:2    | Found Zizepaong's Antique Weapon Emporium.
 16376 | Orc:2    | Reached ****** piety under Trog
 16385 | Orc:2    | Reached skill level 7 in Armour
 16436 | Orc:2    | Received a gift from Trog
 16438 | Orc:2    | Found Odaxeymp's Armour Shoppe.
 16743 | Orc:2    | Reached skill level 20 in Long Blades
 16865 | Orc:2    | Found a roughly hewn altar of Beogh.
 16888 | Orc:2    | Reached skill level 3 in Dodging
 16910 | Orc:2    | Reached XP level 14. HP: 107/111 MP: 14/14
 16921 | Orc:2    | HP: 53/111 [orc knight/+0 war axe (14)]
 16926 | Orc:2    | HP: 44/111 [poisoned by an orc sorcerer]
 16932 | Orc:2    | HP: 29/111 [poisoned by an orc sorcerer]
 16937 | Orc:2    | HP: 28/111 [poisoned by an orc sorcerer]
 16944 | Orc:2    | HP: 28/111 [poisoned by an orc sorcerer]
 16952 | Orc:2    | HP: 28/111 [poisoned by an orc sorcerer]
 17208 | Orc:2    | Found Juovochu's General Store.
 17217 | Orc:2    | Reached skill level 4 in Dodging
 17356 | Orc:2    | Bought a scroll of acquirement for 676 gold pieces
 17357 | Orc:2    | Got an encrusted shield
 17365 | Orc:2    | Found Noabibb's General Store.
 17635 | Orc:1    | Bought a +4 ring of protection for 648 gold pieces
 17737 | Lair:1   | Entered Level 1 of the Lair of Beasts
 17773 | Lair:1   | Reached skill level 11 in Fighting
 17965 | Lair:1   | Reached skill level 5 in Dodging
 18301 | Lair:1   | Noticed Nergalle
 18316 | Lair:1   | Killed Nergalle
 18664 | Lair:2   | Reached skill level 6 in Dodging
 18670 | Lair:2   | Received a gift from Trog
 18783 | Lair:2   | Found a transporter.
 18960 | Lair:2   | Found a transporter.
 19255 | Lair:2   | Reached skill level 8 in Armour
 19403 | Lair:3   | Reached skill level 7 in Dodging
 19524 | Lair:3   | Found a staircase to the Snake Pit.
 19701 | Lair:3   | Noticed Rupert
 19716 | Lair:3   | Killed Rupert
 20027 | Lair:3   | You fall into a shaft and drop 1 floor!
 20092 | Lair:3   | Reached skill level 12 in Fighting
 20323 | Lair:4   | Reached skill level 8 in Dodging
 20415 | Lair:4   | Found a staircase to the Swamp.
 21093 | Lair:5   | HP: 81/172 [ice dragon/blast of cold (17)]
 21786 | Lair:6   | Entered Level 6 of the Lair of Beasts
 21796 | Lair:6   | Reached skill level 9 in Dodging
 21802 | Lair:6   | Reached XP level 15. HP: 111/122 MP: 15/15
 21818 | Lair:6   | Found a frozen archway.
 21823 | Lair:6   | Received a gift from Trog
 21841 | Lair:6   | HP: 60/122 [white imp (4)]
 21847 | Lair:6   | HP: 60/122 [poisoned by a black mamba]
 21853 | Lair:6   | HP: 60/122 [white imp/puff of frost (1)]
 22010 | IceCv    | Entered an ice cave
 22040 | IceCv    | Reached skill level 9 in Armour
 22763 | Lair:6   | Reached skill level 10 in Dodging
 22896 | Lair:6   | Reached skill level 13 in Fighting
 23204 | Lair:6   | Identified the +3 ice dragon scales "Miopna Kid" {rF- rC++
                  | rN+ MR++ Int+2 Slay-2} (You found it on level 6 of the Lair
                  | of Beasts)
 23345 | Lair:6   | Found a staircase to the Slime Pits.
 23491 | Lair:6   | Received a gift from Trog
 23580 | Lair:6   | Reached skill level 11 in Dodging
 23685 | Lair:6   | HP: 59/124 [entropy weaver (8)]
 23687 | Lair:6   | HP: 20/124 [entropy weaver (11)]
 23688 | Lair:6   | Slain by an entropy weaver

Vanquished Creatures
  Rupert (Lair:3)
  Jorgrun (Orc:1)
  3 orc warlords (Orc:2)
  An entropy weaver (Lair:6)
  Nessos (Orc:2)
  An ettin (Orc:2)
  Harold (D:11)
  An ice dragon (Lair:5)
  Erica (D:10)
  6 hydras
  Fannar (Orc:1)
  3 catoblepae (Lair:6)
  7 two-headed ogres
  6 death yaks (Lair:6)
  4 orc high priests (Orc:2)
  Nergalle (Lair:1)
  4 skeletal warriors (D:12)
  2 swamp dragons (Lair:2)
  2 ugly things
  4 orc knights (Orc:2)
  2 cyclopes (D:12)
  4 orc sorcerers
  2 oklob plants (Lair:2)
  2 manticores (Lair:6)
  2 ice statues (IceCv)
  5 black mambas
  11 spiny frogs
  2 rime drakes
  6 komodo dragons
  11 ice devils (IceCv)
  7 trolls
  A hornet (D:10)
  4 polar bears
  8 blink frogs (Lair:5)
  13 hippogriffs
  34 yaks
  4 hogs (D:7)
  A human (D:7)
  A basilisk (Lair:1)
  A steam dragon (D:11)
  A vampire mosquito (Lair:3)
  8 wargs
  An insubstantial wisp (Lair:3)
  12 soldier ants
  12 water moccasins
  5 porcupines
  36 orc warriors
  4 sky beasts
  4 phantoms
  4 ice beasts
  26 ogres
  4 centaurs
  15 crocodiles
  6 wolves (Lair:1)
  2 big kobolds
  15 bullfrogs
  A wyvern zombie (D:8)
  6 scorpions
  8 killer bees
  6 howler monkeys
  5 crimson imps
  2 bullfrog zombies
  A centaur zombie (D:11)
  A quasit (D:10)
  5 hounds
  3 jellies
  24 orc priests
  3 centaur skeletons
  Ijyb (D:4)
  4 iguanas
  19 worker ants
  17 orc wizards
  2 hound skeletons
  A worker ant zombie (D:7)
  10 adders
  3 gnolls (D:9)
  3 shadow imps
  24 white imps
  7 ufetubi (IceCv)
  3 adder zombies
  6 worms
  2 leopard geckos
  112 orcs
  2 ball pythons
  6 bats
  5 giant cockroaches
  5 goblins
  7 hobgoblins
  16 jackals
  4 quokkas
  6 frilled lizards
  18 kobolds
  A leopard gecko skeleton (D:5)
  6 rats
  A plant (Lair:2)
683 creatures vanquished.

Vanquished Creatures (others)
  A reaper (IceCv)
  A white imp (IceCv)
  2 ufetubi (IceCv)
  A bush (D:7)
  A fungus (Lair:5)
  3 plants
9 creatures vanquished.

Grand Total: 692 creatures vanquished

Table legend:
 A = Turns spent in this place as a percentage of turns spent in the entire game.
 B = Non-inter-level travel turns spent in this place as a percentage of non-inter-level travel turns spent in the entire game.
 C = Inter-level travel turns spent in this place as a percentage of turns spent in this place.
 D = Turns resting spent in this place as a percentage of non-inter-level travel turns spent in this place.
 E = Turns spent auto-exploring this place as a percentage of non-inter-level travel turns spent in this place.
 F = Non-inter-level travel turns spent in this place divided by the number of levels of this place that you've seen.
                   A       B       C       D       E      F
               +-------+-------+-------+-------+-------+----------------------
         Total | 100.0 | 100.0 |   3.6 |  31.5 |  48.7 | 1038.4
       Dungeon |  57.5 |  57.2 |   4.0 |  30.9 |  51.2 | 1005.2
          Lair |  22.7 |  22.8 |   3.2 |  19.2 |  58.0 | 868.7
  Orcish Mines |  17.4 |  17.5 |   3.1 |  47.3 |  33.1 | 1999.0
      Ice Cave |   2.4 |   2.5 |   0.0 |  47.0 |  16.4 | 566.0
               +-------+-------+-------+-------+-------+----------------------
